Map: Oxide LE

Players

PiLiPiLi - Winner!

  • Race: Protoss Protoss
  • League: Grandmaster

PureLegacy

  • Race: Terran Terran

Event: DreamHack SC2 Masters 2021 Summer

VOD

Have the link to the VOD?

Description

Time

  • Played on: May 29, 2021, 4:08 p.m.
  • Length: 9:02

All games in this series

Show
View Real Time Build Order
Export as new Build Order

PiLiPiLi Protoss - Winner!

Build Orders: Blink Stalkers, Colossus Rush 

Get SALT Encoding   

  12  0:00  Probe  
  13  0:12  Probe  
  14  0:17  Pylon  
  14  0:25  Probe (Chrono Boost)  
  15  0:36  Gateway  
  15  0:37  Probe (Chrono Boost)  
  16  0:45  Probe (Chrono Boost)  
  16  0:46  Assimilator  
  17  0:51  Probe  
  18  1:03  Probe  
  19  1:15  Probe  
  20  1:25  Zealot, Cybernetics Core  
  20  1:28  Probe  
  20  1:30  Pylon  
  20  1:31  Assimilator  
  23  1:48  Probe  
  24  1:59  Stalker (Chrono Boost)  
  24  2:00  Probe  
  25  2:03  Warp Gate  
  27  2:12  Pylon  
  27  2:13  Probe  
  28  2:24  Nexus  
  28  2:28  Probe  
  29  2:38  Shield Battery  
  29  2:42  Probe  
  30  2:51  Twilight Council  
  29  2:54  Probe  
  30  2:59  Stalker  
  32  3:06  Probe (Chrono Boost)  
  33  3:18  Probe (Chrono Boost)  
  34  3:21  Blink (Chrono Boost)  
  32  3:27  Probe  
  32  3:33  Robotics Facility  
  33  3:36  Gateway  
  33  3:37  Probe (Chrono Boost)  
  35  3:44  Probe (Chrono Boost)  
  36  3:49  Probe (Chrono Boost)  
  36  3:52  Stalker  
  36  3:55  Probe x2 (Chrono Boost)  
  40  4:04  Probe  
  40  4:06  Probe  
  40  4:07  Gateway  
  42  4:13  Pylon  
  42  4:16  Probe  
  43  4:17  Stalker  
  43  4:18  Probe  
  43  4:22  Assimilator  
  43  4:23  Observer  
  47  4:28  Probe  
  47  4:30  Probe  
  49  4:31  Pylon  
  49  4:34  Stalker  
  51  4:39  Assimilator  
  51  4:40  Probe  
  51  4:41  Stalker  
  51  4:44  Observer  
  55  4:46  Probe  
  56  4:54  Pylon  
  56  4:58  Stalker  
  56  4:59  Robotics Bay  
  58  5:00  Probe x2  
  58  5:06  Observer  
  60  5:12  Probe x2  
  62  5:17  Stalker x2  
  62  5:20  Observer  
  66  5:23  Pylon  
  66  5:30  Nexus  
  66  5:32  Pylon  
  66  5:34  Probe  
  67  5:36  Probe  
  68  5:45  Sentry x2  
  68  5:46  Probe  
  68  5:48  Colossus (Chrono Boost)  
  79  5:59  Shield Battery  
  79  6:10  Zealot  
  79  6:11  Zealot x2  
  85  6:12  Charge, Extended Thermal Lance  
  85  6:15  Probe x2  
  81  6:27  Probe  
  81  6:28  Probe  
  81  6:31  Zealot  
  81  6:32  Colossus (Chrono Boost), Zealot  
  87  6:35  Phoenix  
  94  6:40  Probe, Pylon  
  94  6:41  Probe  
  94  6:46  Probe  
  96  6:47  Gateway  
  96  6:51  Zealot  
  96  6:52  Zealot  
  100  6:54  Probe x2  
  100  6:59  Probe  
  103  7:05  Zealot  
  103  7:06  Probe  
  106  7:09  Gateway, Pylon  
  106  7:12  Gateway  
  106  7:15  Gateway  
  106  7:18  Pylon  
  106  7:21  Colossus (Chrono Boost)  
  112  7:30  Forge  
  112  7:32  Forge  
  112  7:33  Probe  
  113  7:40  Phoenix  
  113  7:42  Templar Archives  
  113  7:43  Gateway  
  113  7:44  Gateway  
  113  7:46  Stalker  
  113  7:49  Stalker  
  117  7:53  Sentry  
  117  7:54  Sentry  
  117  7:56  Pylon  
  117  7:58  Pylon  
  121  7:59  Shield Battery  
  119  8:06  Warp Prism (Chrono Boost)  
  121  8:15  Zealot x2  
  121  8:16  Zealot x3  
  121  8:18  Zealot x2  
  129  8:43  Zealot x2  
  129  8:44  Zealot x7  
Show
View Real Time Build Order
Export as new Build Order

PureLegacy Terran 

Build Orders:  

Get SALT Encoding   

  12  0:00  SCV  
  13  0:12  SCV  
  14  0:17  Supply Depot  
  14  0:24  SCV  
  15  0:38  SCV  
  15  0:41  Barracks  
  16  0:45  Refinery  
  16  0:50  SCV  
  17  1:03  SCV  
  18  1:15  SCV  
  19  1:28  Marine  
  19  1:29  Orbital Command  
  20  1:41  Command Center  
  20  1:51  Supply Depot  
  20  1:56  SCV  
  20  2:00  Barracks Reactor  
  22  2:08  SCV  
  22  2:20  SCV  
  23  2:23  Command Center  
  23  2:32  SCV  
  24  2:38  Marine x2  
  24  2:41  Barracks  
  26  2:44  SCV  
  27  2:54  Barracks  
  27  2:56  Marine  
  27  2:57  Marine  
  30  2:58  SCV  
  30  3:07  Engineering Bay  
  30  3:19  Marine x2  
  30  3:25  Orbital Command  
  30  3:26  SCV  
  29  3:29  Barracks Tech Lab  
  29  3:34  Terran Infantry Weapons Level 1  
  29  3:39  Bunker  
  29  3:41  SCV  
  30  3:46  Orbital Command  
  30  3:48  Barracks Tech Lab  
  30  3:52  SCV  
  30  3:55  Stimpack  
  31  3:56  SCV  
  31  4:02  Marine x3  
  35  4:05  SCV  
  35  4:09  Marine, Combat Shield  
  37  4:12  SCV  
  37  4:14  SCV  
  37  4:17  SCV  
  40  4:22  Missile Turret  
  40  4:24  Missile Turret  
  41  4:25  SCV  
  41  4:27  Marine  
  41  4:28  Marine  
  41  4:30  SCV x2  
  45  4:35  Marauder x2  
  45  4:37  SCV  
  50  4:40  Refinery  
  50  4:42  SCV x2  
  50  4:44  Refinery  
  51  4:46  Supply Depot  
  51  4:48  Marine x2  
  51  4:50  SCV  
  54  4:55  SCV x2  
  54  4:59  Marauder x2  
  60  5:03  SCV  
  61  5:08  Marine x2  
  61  5:09  SCV  
  61  5:10  SCV, Supply Depot  
  65  5:14  Supply Depot  
  65  5:16  SCV  
  65  5:17  Factory  
  66  5:22  Marauder  
  66  5:25  SCV  
  69  5:29  Terran Infantry Armor Level 1  
  69  5:32  SCV, Marauder, Marine x2  
  69  5:34  Refinery  
  74  5:36  Supply Depot  
  74  5:41  Concussive Shells  
  74  5:44  SCV x2, Marauder  
  74  5:49  Marine x2  
  78  5:54  Marauder  
  80  5:58  Barracks  
  80  5:59  Barracks  
  80  6:00  Starport  
  78  6:05  Marine  
  78  6:08  Barracks  
  78  6:09  Barracks, Supply Depot  
  78  6:10  Orbital Command  
  76  6:15  Marauder  
  76  6:17  Marine x2  
  79  6:19  SCV x2  
  79  6:23  Marauder  
  79  6:24  Supply Depot  
  83  6:28  Factory Reactor  
  83  6:34  SCV x2  
  83  6:36  Marauder  
  83  6:38  Marine x2  
  89  6:44  Marauder  
  89  6:45  Starport Reactor  
  89  6:47  Supply Depot  
  86  6:54  SCV x3  
  86  6:56  Marine x2  
  86  6:58  Armory, Marauder  
  92  7:01  Engineering Bay  
  92  7:06  Barracks Reactor, Barracks Tech Lab, Marauder, SCV x3  
  97  7:13  Supply Depot  
  97  7:17  Marine x2  
  97  7:18  SCV x2  
  97  7:19  SCV  
  102  7:23  Medivac x2  
  102  7:28  Refinery  
  102  7:29  Refinery  
  106  7:30  SCV  
  106  7:31  SCV x2  
  106  7:36  Supply Depot  
  109  7:41  Marauder x3, Marine x2  
  109  7:42  SCV, Marine x2  
  109  7:43  SCV x2  
  122  7:46  Supply Depot  
  122  7:47  Missile Turret  
  122  8:00  Supply Depot  
  122  8:02  Supply Depot  
  122  8:04  Marauder  
  69  8:05  Medivac x2  
  123  8:07  Marine x2  
  123  8:08  Marine  
  123  8:11  Marauder  
  132  8:18  Marine, Marauder, Sensor Tower  
  135  8:22  Ghost Academy  
  135  8:31  Marauder  
  135  8:34  Marauder, Marine x2  
  139  8:37  Marine x2  
  139  8:39  Marine  
Tags
 
Add a new tag
Caveats
  • Supply blocks, unpowered buildings, or Contaminate may cause inaccurate times.
  • Supply counts are checked every 10 seconds.